Map: Dusty Gorge

Players

IamBeefo - Winner!

  • Race: Terran Terran
  • Spawn Location: 9:00

Adversity - Winner!

  • Race: Terran Terran
  • Spawn Location: 11:00

TrillyTheKid

  • Race: Protoss Protoss
  • League: Diamond
  • Spawn Location: 3:00

FanTaGy

  • Race: Zerg Zerg
  • Spawn Location: 5:00

VOD

Have the link to the VOD?

Description

Time

  • Played on: Sept. 5, 2018, 7:21 a.m.
  • Length: 4:53
Show
View Real Time Build Order
Export as new Build Order

IamBeefo Terran - Winner!

Build Orders:  

Get SALT Encoding   

  12  0:07  SCV  
  13  0:19  SCV  
  14  0:26  Supply Depot  
  14  0:31  Refinery, SCV  
  15  0:48  SCV  
  15  0:49  Barracks  
  16  1:00  SCV  
  16  1:01  Refinery  
  17  1:12  SCV  
  18  1:24  SCV  
  19  1:36  SCV  
  19  1:38  Supply Depot  
  20  1:44  Barracks Tech Lab  
  20  1:48  SCV  
  20  1:52  Factory  
  21  2:00  SCV  
  22  2:03  Marine  
  22  2:08  Supply Depot  
  23  2:12  SCV  
  24  2:30  SCV  
  24  2:35  Barracks Reactor  
  25  2:39  Starport  
  25  2:50  Siege Tank  
  28  3:11  Marine x2  
  30  3:22  Siege Tank  
  30  3:25  Supply Depot  
  33  3:39  Barracks Reactor  
  33  3:43  Medivac x2  
  37  3:52  Supply Depot, Orbital Command  
  37  3:54  Hellion  
  39  4:13  Medivac  
  39  4:16  Hellion  
  43  4:20  Marine x2  
  45  4:30  Supply Depot  
Show
View Real Time Build Order
Export as new Build Order

Adversity Terran - Winner!

Build Orders:  

Get SALT Encoding   

  12  0:02  SCV  
  13  0:14  SCV  
  13  0:19  Supply Depot  
  14  0:26  SCV  
  15  0:31  Refinery  
  15  0:41  SCV  
  16  0:47  Barracks  
  16  0:53  SCV  
  17  1:05  Barracks  
  17  1:18  Barracks  
  17  1:23  SCV  
  18  1:35  Reaper  
  19  1:42  Orbital Command  
  19  1:50  Refinery  
  19  1:53  Reaper  
  20  2:02  Supply Depot  
  20  2:08  Reaper  
  21  2:10  Reaper  
  21  2:15  SCV  
  23  2:25  Reaper  
  23  2:27  SCV  
  25  2:32  Supply Depot  
  25  2:39  SCV  
  25  2:40  Reaper  
  27  2:49  Reaper  
  28  2:57  Reaper  
  29  3:06  SCV  
  30  3:15  Command Center  
  30  3:18  SCV  
  31  3:30  Reaper  
  31  3:31  Reaper x2  
  34  3:34  SCV  
  34  3:39  Supply Depot  
  35  3:49  SCV  
  36  4:10  Barracks Reactor x2  
  36  4:11  Barracks Tech Lab  
  36  4:12  SCV  
  36  4:14  Factory  
  36  4:35  SCV  
Show
View Real Time Build Order
Export as new Build Order

TrillyTheKid Protoss 

Build Orders:  

Get SALT Encoding   

  1  0:00  Probe  
  14  0:16  Pylon  
  14  0:17  Probe  
  14  0:29  Probe  
  14  0:31  Assimilator  
  15  0:48  Gateway  
  15  0:49  Probe  
  16  1:01  Probe  
  17  1:07  Assimilator  
  17  1:13  Probe  
  18  1:35  Probe  
  18  1:36  Cybernetics Core  
  19  1:43  Probe  
  20  1:57  Zealot  
  22  2:12  Probe  
  23  2:22  Nexus, Pylon  
  23  2:45  Stalker  
  23  2:51  Probe  
  23  3:05  Probe  
  22  3:06  Stalker  
  21  3:17  Probe  
  18  3:20  Assimilator  
  14  3:29  Probe  
Show
View Real Time Build Order
Export as new Build Order

FanTaGy Zerg 

Build Orders: Hatch First 

Get SALT Encoding   

  12  0:01  Drone  
  13  0:08  Drone  
  14  0:17  Overlord  
  14  0:37  Drone x3  
  17  0:54  Drone  
  18  0:58  Hatchery  
  17  1:11  Spawning Pool  
  16  1:14  Extractor  
  16  1:16  Drone  
  16  1:20  Drone  
  16  1:23  Drone  
  18  1:26  Extractor  
  18  1:32  Overlord  
  17  1:57  Queen  
  17  2:00  Drone x2  
  21  2:10  Queen  
  23  2:16  Metabolic Boost  
  23  2:21  Drone  
  24  2:31  Drone x2  
  26  2:38  Zergling x4  
  28  2:49  Overlord  
  28  3:00  Roach Warren  
  28  3:05  Queen  
  27  3:14  Zergling x4  
  27  3:19  Zergling x4  
  31  3:23  Zergling x2  
  32  3:32  Zergling x4  
  33  3:46  Roach x3  
  33  3:57  Roach x2  
  37  4:04  Roach x2  
  39  4:28  Drone x4  
  39  4:29  Drone  
  39  4:31  Overlord  
  44  4:32  Overlord  
Tags
 
Add a new tag
Caveats
  • Supply blocks, unpowered buildings, or Contaminate may cause inaccurate times.
  • Supply counts are checked every 10 seconds.